 Dungeon Crawl Stone Soup version 0.25.0-3-gd7cc5688da (webtiles) character file.

Game seed: 9429803325205643637

366 HoaS the Ruffian (level 6, -3/39 HPs)
             Began as a Gargoyle Gladiator on June 15, 2020.
             Slain by Edmund
             ... wielding a +3 dire flail of protection
              (7 damage)
             ... on level 4 of the Dungeon.
             The game lasted 00:07:36 (3349 turns).

HoaS the Ruffian (Gargoyle Gladiator)               Turns: 3349, Time: 00:07:37

Health: -3/39      AC: 15    Str: 20    XL:     6   Next: 68%
Magic:  6/6        EV:  8    Int:  8    God:
Gold:   126        SH:  0    Dex: 11    Spells: 5/5 levels left

rFire    . . .     SeeInvis .     - Unarmed
rCold    . . .     Gourm    .   (no shield)
rNeg     + . .     Faith    .   r - +0 chain mail
rPois    ∞         Spirit   .   h - +1 helmet
rElec    +         Reflect  .   k - +0 cloak
rCorr    .         Harm     .   (no gloves)
MR       .....                  (no boots)
Stlth    ..........             (no amulet)
HPRegen  0.13/turn              (no ring)
MPRegen  0.10/turn              (no ring)

@: no status effects
A: negative energy resistance 1, electricity resistance, unbreathing,
petrification resistance, rot immunity, AC +4
a: no special abilities


You were on level 4 of the Dungeon.
You were not hungry.

You visited 1 branch of the dungeon, and saw 4 of its levels.

You collected 126 gold pieces.

Inventory:

Missiles
 f - 4 atropa-tipped darts (quivered)
 o - 5 poisoned darts
 q - 2 boomerangs
Armour
 h - a +1 helmet (worn)
 k - a +0 cloak (worn)
 r - a +0 chain mail (worn)
Jewellery
 b - an uncursed ring of flight {unknown}
 g - an uncursed amulet of magic regeneration {unknown}
 l - an uncursed ring of see invisible {unknown}
 n - a cursed ring of teleportation {unknown}
Potions
 e - 2 potions of lignification {unknown}
 i - 4 potions of stabbing {unknown}
 j - 2 potions of resistance {unknown}
 m - a potion of haste {unknown}
 p - a potion of ambrosia {unknown}
Comestibles
 a - 8 chunks of flesh
 d - 10 rations


   Skills:
 + Level 4.6 Fighting
 - Level 1.7 Throwing
 - Level 2.4 Dodging
 * Level 6.2 Unarmed Combat


You had 5 spell levels left.
You didn't know any spells.
Your spell library was empty.

Dungeon Overview and Level Annotations

Branches:
Dungeon (4/15)
 Temple: D:4-7

Altars:
Cheibriados
Hepliaklqana
Vehumet

Annotations:
D:4 Edmund


Innate Abilities, Weirdness & Mutations

You are resistant to torment.
Your stone body is resilient. (AC +4)
You are immune to poison.
You resist negative energy. (rN+)
You are resistant to electric shocks. (rElec)
You can survive without breathing.
You are immune to petrification.
You are immune to rotting.


Message History

* * * LOW HITPOINT WARNING * * *
You barely miss Edmund.
Edmund is severely wounded.
Edmund hits you but does no damage.
You closely miss Edmund.
Edmund is severely wounded.
Edmund hits you with a +3 dire flail of protection.
* * * LOW HITPOINT WARNING * * *
You hit Edmund.
Edmund is severely wounded.
You hit Edmund but do no damage.
Edmund is severely wounded.
Edmund hits you but does no damage.
You hit Edmund but do no damage.
Edmund is severely wounded.
Edmund hits you but does no damage.
You hit Edmund but do no damage.
Edmund is severely wounded.
Edmund hits you with a +3 dire flail of protection!
You die...

# #.
##.#
#...####
#%.@@..#
#...##.#
#### #.#
#.#
#####.#
#.....#
#.#####
#.# #.#


You could see Edmund.

Vanquished Creatures
  Purgy (D:4)
  An orc wizard (D:4)
  2 orc priests
  Crazy Yiuf (D:3)
  Robin (D:2)
  2 adders (D:2)
  2 oozes
  A worm (D:2)
  2 dart slugs
  6 orcs
  2 ball pythons
  5 bats
  4 giant cockroaches
  14 goblins
  9 hobgoblins
  7 jackals (D:1)
  3 quokkas
  6 frilled lizards
  11 kobolds
  29 rats
109 creatures vanquished.

Notes
Turn   | Place    | Note
-------+----------+-------------------------------------------
     0 | D:1      | HoaS the Gargoyle Gladiator began the quest for the Orb.
     0 | D:1      | Reached XP level 1. HP: 12/12 MP: 1/1
    39 | D:1      | Reached XP level 2. HP: 15/18 MP: 2/2
   360 | D:1      | Reached XP level 3. HP: 19/22 MP: 3/3
   706 | D:1      | Reached skill level 4 in Unarmed Combat
  1045 | D:2      | Found a radiant altar of Vehumet.
  1078 | D:2      | Reached XP level 4. HP: 25/28 MP: 4/4
  1291 | D:2      | Found a snail-covered altar of Cheibriados.
  1305 | D:2      | Noticed Robin
  1394 | D:2      | Killed Robin
  1799 | D:2      | Found a hazy altar of Hepliaklqana.
  2179 | D:3      | Reached XP level 5. HP: 32/32 MP: 5/5
  2421 | D:3      | Found a runed translucent door.
  2422 | D:3      | Noticed Crazy Yiuf
  2555 | D:3      | Reached skill level 5 in Unarmed Combat
  2761 | D:3      | Killed Crazy Yiuf
  3093 | D:4      | Noticed Purgy
  3121 | D:4      | Killed Purgy
  3121 | D:4      | Reached XP level 6. HP: 31/39 MP: 6/6
  3251 | D:4      | Reached skill level 6 in Unarmed Combat
  3311 | D:4      | Noticed Edmund
  3349 | D:4      | Slain by Edmund

Illustrated notes

Levels and vault maps discovered:
D:1:      shiori_arrival_maze, layout_loops_corners
D:2:      minmay_general_purpose_star, layout_basic, lemuel_round_altar,
          kennysheep_slug_shrine, vehumet_crystals, grunt_decor_cap, uniq_robin
D:3:      layout_rooms, first_ration, uniq_crazy_yiuf_cottage
D:4:      black_bear_nest_2, layout_loops_ring, tso_altar, enter_ossuary_5,
          minmay_rat_hole, uniq_blork_the_orc, uniq_edmund, uniq_purgy

Skill      XL: |  1  2  3  4  5  6 |
---------------+-------------------+-----
Unarmed Combat | 4 5 6 |  6.2
Fighting       | 3 4 |  4.6
Throwing       | |  1.7
Dodging        | |  2.4

Action                   |  1- 3 |  4- 6 || total
-------------------------+-------+-------++-------
Melee: Unarmed           |   137 |   319 ||   456
       Punch             |     2 |     4 ||     6
Throw: Throwing net      |       |     5 ||     5
  Use: Scroll            |     1 |     6 ||     7
 Stab: Held in net/web   |       |     2 ||     2
  Eat: Chunk             |     1 |     7 ||     8
Armor: Leather armour    |    49 |    58 ||   107
       Scale mail        |       |    70 ||    70
       Chain mail        |       |    40 ||    40
Dodge: Dodged            |    77 |   170 ||   247
